 Dungeon Crawl Stone Soup version 0.32-a0-799-g95e1662365 (webtiles) character file.

Game seed: 6505386903627023910

315 zenocrate the Sneak (level 6, -3/42 HPs)
             Began as an Octopode Earth Elementalist on Mar 21, 2024.
             Killed from afar by a white imp (10 damage)
             ... with a puff of frost
             ... summoned by Eustachio
             ... on level 4 of the Dungeon.
             The game lasted 00:04:59 (2657 turns).

zenocrate the Sneak (Octopode Earth Elementalist)   Turns: 2657, Time: 00:05:00

Health: -3/42      AC:  1    Str:  9      XL:     6   Next: 43%
Magic:  9/9        EV: 12    Int: 18      God:
Gold:   116        SH:  0    Dex:  8 (12) Spells: 5/9 levels left

rFire   . . .        a - +1 dagger (speed)
rCold   . . .        (no shield)
rNeg    . . .        (helmet restricted)
rPois   .            (no amulet)
rElec   .            (no ring)
rCorr   .            (no ring)
SInv    .            (no ring)
Will    .....        (no ring)
Stlth   +++          (no ring)
HPRegen 0.27/turn    (no ring)
MPRegen 0.11/turn    (no ring)
                     (no ring)

%: no passive effects
@: no status effects
A: almost no armour, amphibious, 8 rings, camouflage 1, gelatinous body 1,
(nimble swimmer 1), tentacles
a: no special abilities


You were on level 4 of the Dungeon.
You visited 1 branch of the dungeon, and saw 4 of its levels.

You collected 116 gold pieces.

Inventory:

Hand Weapons
 a - a +1 dagger of speed (weapon)
Talismans
 g - a flux talisman
Scrolls
 b - a scroll of enchant armour {unknown}
 c - a scroll of silence
 e - a scroll of summoning
 i - 2 scrolls of immolation {unknown}
 o - a scroll of teleportation {unknown}
 p - a scroll of revelation {unknown}
Potions
 d - 4 potions of curing
 f - a potion of magic
 h - a potion of attraction
 j - a potion of invisibility
 k - a potion of brilliance {unknown}
 l - a potion of degeneration {unknown}
 m - a potion of might {unknown}
 n - a potion of ambrosia {unknown}
 q - a potion of heal wounds {unknown}
 r - a potion of haste {unknown}


   Skills:
 + Level 3.2 Fighting
 - Level 2.4 Dodging
 - Level 3.4 Stealth
 + Level 3.2 Unarmed Combat
 - Level 2.0 Spellcasting
 - Level 1.0 Conjurations
 - Level 3.0 Earth Magic
 + Level 2.5 Shapeshifting


You had 5 spell levels left.
You knew the following spells:

 Your Spells              Type           Power      Damage    Failure   Level
a - Sandblast             Erth           24%        2d8       5%          1
b - Stone Arrow           Conj/Erth      18%        3d8       24%         3

Your spell library contained the following spells:

 Spells                   Type           Power      Damage    Failure   Level
 Passwall                 Erth           12%        N/A       16%         3
 Scorch                   Fire           2%         2d5       26%         2
 Brom's Barrelling Bould  Conj/Erth      9%         2d3       61%         4
 Petrify                  Alch/Erth      7%         N/A       67%         4
 Flame Wave               Conj/Fire      3%         2d5       82%         4
 Summon Cactus Giant      Summ           0%         N/A       100%        6


Dungeon Overview and Level Annotations

Branches:
Dungeon (4/15)
 Temple: D:4-7

Altars:

Shops:
D:2 [

Annotations:
D:4 Eustachio


Innate Abilities, Weirdness & Mutations

You cannot wear most types of armour.
You are amphibious.
You can wear up to eight rings at the same time.
Your skin changes colour to match your surroundings (Stealth+).
Your rubbery body absorbs attacks. (AC +1, EV +1)
((You are camouflaged when in or above water. (Stealth+)))
You have tentacles for arms and can constrict up to eight enemies at once.


Message History

Unknown command.
You release your grip on the white imp.
Eustachio mumbles some strange words.
The white imp gestures at you. The puff of frost hits you.
The crimson imp attacks as it pursues you!
The crimson imp closely misses you. The quasit barely misses you.
The quasit claws you. The quasit misses you.
Eustachio casts a spell.
The white imp barely misses you. The river rat closely misses you.
Unknown command.
You hit Eustachio. Your grab misses Eustachio.
Eustachio is lightly wounded.
The bat hits you. The quasit misses you. The quasit claws you.
You feel clumsy. The quasit misses you. Eustachio hits you with a +0 mace.
The white imp hits you. The white imp freezes you.
The crimson imp laughs crazily.
The bat completely misses you.
You barely miss Eustachio. Your grab misses Eustachio.
Eustachio is lightly wounded.
The bat closely misses you. The quasit bites you.
You feel clumsy. The quasit barely misses you.
The quasit completely misses you. The river rat bites you.
Eustachio says, "My allies will avenge me."
Eustachio barely misses you. The white imp gestures at you.
The puff of frost misses you.
You hit Eustachio. Your grab misses Eustachio.
Eustachio is lightly wounded.
The quasit barely misses you. The quasit misses you. The quasit claws you.
The river rat barely misses you.
Unknown command.
You barely miss Eustachio. You grab Eustachio.
Eustachio is lightly wounded.
You constrict Eustachio. Eustachio hits you with a +0 mace.
* * * LOW HITPOINT WARNING * * *
The white imp gestures at you. The puff of frost hits you!
You die...

.######### ##.....##
##..### ## #####
##....## #..# # #
#....###....## #.## ##
##...........# #..# .##
#...##.......# ##.#
..#######..# ###..>..#
#.#
...........####......##
#.#
..#####.....##...5....##
#.## .##
#.......r@5b....####..#
.# #......@r5.##.......#
## #...[:..r.#####....##
# ##........## #...## #
# ##........## #...## ##
## ##..###...## #....#
##. .# ##..## #..##
#.###.####.. .####.###
..## #.# ##.##..#
.##..## # #.# ##...##


You could see Eustachio, a quasit (summoned), a crimson imp (summoned), a river
rat (summoned), a white imp (summoned), a quokka (summoned), a bat (summoned)
and a rat (summoned).

Vanquished Creatures
  A phantom (D:4)
  A scorpion (D:4)
  A jelly (D:4)
  3 gnolls (D:2)
  4 adders
  2 ribbon worms
  3 dart slugs
  6 orcs
  11 ball pythons
  A bat (D:3)
  5 endoplasms
  3 giant cockroaches (D:2)
  6 goblins
  6 hobgoblins
  A quokka (D:3)
  3 frilled lizards
  8 kobolds
  9 rats
74 creatures vanquished.

Notes
Turn   | Place    | Note
-------+----------+-------------------------------------------
     0 | D:1      | zenocrate the Octopode Earth Elementalist began the quest
                  | for the Orb.
     0 | D:1      | Reached XP level 1. HP: 11/11 MP: 3/3
   233 | D:1      | Reached XP level 2. HP: 16/18 MP: 5/5
   397 | D:1      | Reached skill level 1 in Unarmed Combat
   542 | D:1      | Reached skill level 1 in Fighting
   585 | D:1      | You fall into a shaft and drop 1 floor!
   594 | D:2      | Reached XP level 3. HP: 23/23 MP: 6/6
   905 | D:1      | Learned a level 3 spell: Stone Arrow
   920 | D:2      | Found Dihopn's Armour Shop.
  1030 | D:2      | Reached XP level 4. HP: 21/28 MP: 7/7
  1034 | D:2      | Reached skill level 1 in Shapeshifting
  1846 | D:3      | Reached XP level 5. HP: 34/34 MP: 8/8
  2190 | D:4      | Reached XP level 6. HP: 16/41 MP: 9/9
  2349 | D:4      | Noticed Eustachio
  2657 | D:4      | Killed from afar by a white imp

Illustrated notes

Levels and vault maps discovered:
D:1:      giann_wishing_wells, layout_basic, minmay_misc_feat_x
D:2:      layout_rooms, serial_shops, nicolae_shop_trees
D:3:      layout_loops_ring, amcnicky_mini_pool_small, dk_vineyard_2
D:4:      layout_layer_cave, gammafunk_ghost_nasty_kobolds,
          minmay_misc_feat_diagonals, uniq_eustachio

Skill      XL: |  1  2  3  4  5  6 |
---------------+-------------------+-----
Stealth        | 3 |  3.4
Unarmed Combat | 1 2 3 |  3.2
Fighting       | 1 2 3 |  3.2
Shapeshifting  | 1 2 |  2.5
Dodging        | |  2.4
Spellcasting   | |  2.0
Conjurations   | |  1.0
Earth Magic    | |  3.0

Action                     |  1- 3 |  4- 6 || total
---------------------------+-------+-------++-------
  Melee: Unarmed           |    14 |       ||    14
         Constrict         |    22 |    20 ||    42
         Tentacles         |    11 |    19 ||    30
         Dagger            |    49 |   100 ||   149
   Cast: Sandblast         |     4 |     2 ||     6
    Use: Scroll            |     3 |     2 ||     5
         Potion            |       |     2 ||     2
   Stab: Sleeping          |    10 |    12 ||    22
 Armour: Skin              |    31 |    53 ||    84
  Dodge: Dodged            |    31 |    49 ||    80

Table legend: (Time is in decaauts)
 A = Elapsed time spent in this place.
 B = Non-inter-level travel time spent in this place.
 C = Inter-level travel time spent in this place.
 D = Time resting spent in this place.
 E = Time spent auto-exploring this place.
 F = Levels seen in this place.
 G = Mean time per level.
                   A        B        C        D        E       F      G
               +--------+--------+--------+--------+--------+-----+--------+
         Total |   2622 |   2581 |     41 |      0 |   2055 |   4 |  655.5 |
       Dungeon |   2622 |   2581 |     41 |      0 |   2055 |   4 |  655.5 |
               +--------+--------+--------+--------+--------+-----+--------+

Top non-repeatable levels by time:
     D:1: 851 daAuts
     D:3: 709 daAuts
     D:4: 589 daAuts
     D:2: 472 daAuts
